 Dungeon Crawl Stone Soup version 0.20-a0-820-g557356e (webtiles) character file.

949 Gorglomux the Grappler (level 7, 0/62 HPs)
             Began as a Troll Wanderer on Mar 4, 2017.
             Was a Believer of Okawaru.
             Slain by a wight
             ... wielding a cursed +0 dire flail
              (18 damage)
             ... on level 5 of the Dungeon.
             The game lasted 00:12:16 (4094 turns).

Gorglomux the Grappler (Troll Wanderer)             Turns: 4094, Time: 00:12:17

Health: 0/62       AC:  5    Str: 20    XL:     7   Next: 89%
Magic:  7/7        EV:  9    Int: 11    God:    Okawaru [**....]
Gold:   162        SH:  0    Dex:  9    Spells: 7/8 levels left

rFire    . . .     SeeInvis .     - Unarmed
rCold    + . .     Gourm    +   e - +0 robe
rNeg     . . .     Faith    .   (no shield)
rPois    .         Spirit   .   (helmet restricted)
rElec    .         Reflect  .   (no cloak)
rCorr    .         Harm     .   (gloves unavailable)
MR       .....                  (boots unavailable)
Stlth    +.........             (no amulet)
Regen    0.6/turn               c - ring of protection from cold
MPRegen  0.1/turn               l - ring of flight

@: drained
A: unfitting armour, claws 3, fast metabolism 3, gourmand, regeneration 1,
shaggy fur 1, tough skin 2
a: Heroism, Renounce Religion, Evoke Flight


You were on level 5 of the Dungeon.
You worshipped Okawaru.
Okawaru was pleased with you.
You were full.

You visited 2 branches of the dungeon, and saw 6 of its levels.

You collected 162 gold pieces.

Inventory:

Hand Weapons
 b - a +0 hand crossbow
Missiles
 H - 20 bolts
Armour
 e - a +0 robe (worn)
Jewellery
 c - a ring of protection from cold (right claw)
 l - a ring of flight (left claw)
 I - a cursed -3 ring of protection {unknown}
 W - an uncursed ring of fire
Scrolls
 G - 3 scrolls of blinking {unknown}
 J - 2 scrolls of fog {unknown}
 L - 2 scrolls of remove curse {unknown}
 M - 4 scrolls of amnesia {unknown}
 O - a scroll of recharging {unknown}
 Q - a scroll of immolation {unknown}
 S - 2 scrolls of magic mapping {unknown}
 T - 2 scrolls of teleportation
 X - a scroll of enchant weapon {unknown}
 Z - a scroll of identify {unknown}
Potions
 E - a potion of haste {unknown}
 F - a potion of curing {unknown}
 P - a potion of flight {unknown}
 U - a potion of mutation {unknown}
 V - 2 potions of lignification {unknown}
 Y - a potion of resistance {unknown}
Books
 a - a book of Minor Magic

   Spells                             Type                      Level
   a - Magic Dart                     Conjuration                  1
   b - Blink                          Translocation                2
   c - Call Imp                       Summoning                    2
   d - Slow                           Hexes                        2
   e - Conjure Flame                  Conjuration/Fire             3
   f - Mephitic Cloud                 Conjuration/Poison/Air       3
Comestibles
 f - 7 bread rations
 K - a meat ration
 N - a royal jelly
 R - 3 fruits


   Skills:
 - Level 1.0(0.2) Fighting
 - Level 2.0(1.2) Crossbows
 - Level 1.0(0.2) Dodging
   Level 1.0(0.2) Shields
 + Level 9.0(8.1) Unarmed Combat
 - Level 1.0(0.2) Spellcasting
   Level 1.3(0.6) Poison Magic
 - Level 1.0(0.2) Evocations


You had 7 spell levels left.
You knew the following spells:

 Your Spells              Type           Power        Failure   Level  Hunger
a - Magic Dart            Conj           #...         34%         1    ##.....


Dungeon Overview and Level Annotations

Branches:
Dungeon (5/15)             Temple (1/1) D:4

Altars:
Ashenzari
Makhleb
Okawaru
Trog
Uskayaw
Vehumet
Xom
The Shining One


Innate Abilities, Weirdness & Mutations

You are too large for most types of armour.
You have claws for hands.
Your metabolism is lightning-fast.
You like to eat raw meat.
Your natural rate of healing is unusually fast.
You are covered in fur. (AC +1)
You have very tough skin. (AC +2)


Message History

You barely miss the wight. The wight hits you with a mace.
You completely miss the wight. The wight closely misses you.
You claw the wight!
The wight is severely damaged.
The wight hits you from afar with a trident!
* * * LOW HITPOINT WARNING * * *
You claw the wight!
You destroy the wight!
Okawaru accepts your kill.
Your base Unarmed Combat skill increases to level 9!
The wight hits you from afar with a trident!
* * * LOW HITPOINT WARNING * * *
You feel drained.
* * * LOW HITPOINT WARNING * * *
You start resting.
You barely miss the wight. You closely miss the wight.
The wight hits you with a trident!
* * * LOW HITPOINT WARNING * * *
The wight hits you with a dire flail!!
You die...

########### #########
#....z.z..#######........
#.#######.#...z.z.#..)...
#.# #.#.#####...##### #.#
##.#.## ###.# #z#
###.#.).#### .# #z#
#.z#z..........#
#.####z#@#...########
#.##......#.##
#.##.###..#.# #.)..#
#..#.# ####.###.##.#
#.<...##.. ###.### #.#
#.#


You could see 2 wights.

Vanquished Creatures
  2 ice beasts (D:5)
  2 phantoms
  3 wights (D:5)
  A crimson imp (D:5)
  An orc priest (D:3)
  A hound (D:4)
  A centaur skeleton (D:4)
  5 worker ants
  A howler monkey skeleton (D:4)
  10 adders
  An ooze (D:1)
  An adder skeleton (D:5)
  4 worms
  A dart slug (D:1)
  6 leopard geckos
  10 orcs
  6 giant cockroaches
  4 goblins
  3 hobgoblins
  8 jackals
  3 quokkas (D:2)
  8 bats
  9 frilled lizards
  8 kobolds
  19 rats
118 creatures vanquished.

Vanquished Creatures (others)
  A quokka (D:5)
1 creature vanquished.

Grand Total: 119 creatures vanquished

Notes
Turn   | Place    | Note
-------+----------+-------------------------------------------
     0 | D:1      | Gorglomux the Troll Wanderer began the quest for the Orb.
     0 | D:1      | Gorglomux set off with: a book of Minor Magic, a +0 hand crossbow, 23 bolts, a +0 robe, 2 bread rations, a scroll of teleportation
     0 | D:1      | Reached XP level 1. HP: 19/19 MP: 1/1
     2 | D:1      | Learned a level 1 spell: Magic Dart
   186 | D:1      | Reached skill level 1 in Unarmed Combat
   235 | D:1      | Reached XP level 2. HP: 26/27 MP: 0/2
   294 | D:1      | Reached skill level 2 in Unarmed Combat
   816 | D:1      | Reached XP level 3. HP: 32/33 MP: 1/3
  1044 | D:2      | Reached skill level 3 in Unarmed Combat
  1279 | D:2      | Reached XP level 4. HP: 41/41 MP: 2/4
  1713 | D:2      | Reached skill level 4 in Unarmed Combat
  2127 | D:3      | Reached XP level 5. HP: 38/48 MP: 2/5
  2137 | D:3      | Reached skill level 5 in Unarmed Combat
  2428 | D:4      | Found a staircase to the Ecumenical Temple.
  2458 | Temple   | Entered the Ecumenical Temple
  2480 | Temple   | Became a worshipper of Warmaster Okawaru
  2777 | D:4      | Reached XP level 6. HP: 48/55 MP: 6/6
  2826 | D:4      | Reached skill level 6 in Unarmed Combat
  3068 | D:4      | Reached * piety under Okawaru
  3389 | D:5      | Entered Level 5 of the Dungeon
  3397 | D:5      | Reached skill level 7 in Unarmed Combat
  3397 | D:5      | Reached XP level 7. HP: 62/62 MP: 2/7
  3611 | D:5      | Noticed a moth of wrath
  3614 | D:5      | Found a bloodstained altar of Trog.
  3704 | D:5      | Reached skill level 8 in Unarmed Combat
  3750 | D:5      | Found a radiant altar of Vehumet.
  4014 | D:5      | Reached ** piety under Okawaru
  4084 | D:5      | Reached skill level 9 in Unarmed Combat
  4094 | D:5      | Slain by a wight

Vault maps used:
D:1:      dpeg_arrival_snail
D:2:      first_bread, minmay_pentomino_z4
D:3:      kennysheep_generic_room_10
D:4:      minmay_temple_entry_statues_fountains, hangedman_decor_riveting
D:5:      lemuel_crystal_altar, tgw_trog, lemuel_flamethrower_2
Temple:   nicolae_temple_hex_pool

Skill      XL: |  1  2  3  4  5  6  7 |
---------------+----------------------+-----
Unarmed Combat | 1 2 3 4 5 7 9 |  9.0
Fighting       | |  1.0
Crossbows      | |  2.0
Dodging        | |  1.0
Shields        | |  1.0
Spellcasting   | |  1.0
Poison Magic   | |  1.3
Evocations     | |  1.0

Action                   |  1- 3 |  4- 6 |  7- 9 || total
-------------------------+-------+-------+-------++-------
Melee: Unarmed           |   127 |   163 |    90 ||   380
       Punch             |     3 |     2 |     4 ||     9
 Fire: Hand crossbow     |     6 |    16 |       ||    22
 Cast: Magic Dart        |    10 |    55 |    19 ||    84
  Eat: Chunk             |    14 |    27 |     4 ||    45
Armor: Robe              |    70 |    59 |    23 ||   152
Dodge: Dodged            |    74 |    73 |    32 ||   179
